[Event "ESTCC-50 2025"]
[Site "Swidnica"]
[Date "2025.04.11"]
[Round "7.1"]
[White "Lalic, Susan K"]
[Black "Laszewicz, Pawel"]
[Result "1-0"]
[Annotator "ChessBase"]
[ECO "B29"]
[WhiteElo "2227"]
[BlackElo "2011"]
[PlyCount "72"]
[EventDate "2025.04.05"]
[EventType "team-tourn"]
[EventCountry "POL"]
[SourceTitle "playchess.com"]
[Source "ChessBase"]
[SourceQuality "1"]
[WhiteTeam "England"]
[BlackTeam "Poland"]
[WhiteTeamCountry "ENG"]
[BlackTeamCountry "POL"]
[TimeControl "40/5400+30:1800+30"]

1. e4 c5 2. Nf3 Nf6 3. Nc3 d6 4. h3 a6 5. a4 e5 6. Bc4 Be7 7. d3 Nc6 8. Nd5 Nxd5 9. Bxd5 O-O 10. O-O Kh8 11. Nh2 Nb4 12. Bb3 f5 13. f4 exf4 14. Bxf4 d5 15. exd5 Nxd5 16. Bd2 Bf6 17. Qf3 Be6 18. Bc3 Qd6 19. Bxf6 Rxf6 20. Rae1 Bg8 21. Re2 Rd8 22. Rfe1 b5 23. axb5 axb5 24. Re8 Rxe8 25. Rxe8 c4 26. dxc4 bxc4 27. Ba2 Rf8 28. Rxf8 Qxf8 29. Qe2 Nb4 30. Bb1 c3 31. bxc3 Qc5+ 32. Qf2 Qxc3 33. Qxf5 Nd5 34. Nf1 Qc5+ 35. Kh1 Qb5 36. Ba2 Qc6 1-0

[Event "ESTCC-50 2025"]
[Site "Swidnica"]
[Date "2025.04.11"]
[Round "7.2"]
[White "Machlowski, Slawomir"]
[Black "Lauterbach, Ingrid"]
[Result "1-0"]
[Annotator "NA"]
[ECO "A06"]
[WhiteElo "1963"]
[BlackElo "1998"]
[PlyCount "97"]
[EventDate "2025.04.05"]
[EventType "team-tourn"]
[EventCountry "POL"]
[SourceTitle "playchess.com"]
[Source "ChessBase"]
[SourceQuality "1"]
[WhiteTeam "Czech Republic"]
[BlackTeam "England"]
[WhiteTeamCountry "CZE"]
[BlackTeamCountry "ENG"]
[TimeControl "40/5400+30:1800+30"]

1. Nf3 d5 2. g3 g6 3. Bg2 Bg7 4. d4 Nf6 5. O-O O-O 6. b3 Ne4 7. Bb2 c5 8. c3 Nc6 9. e3 cxd4 10. cxd4 Bg4 11. h3 Bf5 12. g4 Bd7 13. Nfd2 f5 14. f3 Ng3 15. Re1 Qc7 16. f4 Ne4 17. Nxe4 fxe4 18. Nc3 Nb4 19. Bf1 Qd6 20. a3 Nc6 21. Nxd5 e6 22. Nc3 Rxf4 23. exf4 Bxd4+ 24. Kh1 Qe7 25. Rxe4 Qg7 26. Rc1 e5 27. Na4 Bxb2 28. Nxb2 exf4 29. Nc4 Rf8 30. Qd5+ Kh8 31. Ne5 Nxe5 32. Qxe5 Bc6 33. Qxg7+ Kxg7 34. Rxc6 bxc6 35. Re7+ Kf6 36. Rxa7 h5 37. gxh5 g5 38. h6 f3 39. Kg1 Ke5 40. Kf2 Kd4 41. h7 Ke4 42. Bc4 Rd8 43. Re7+ Kf4 44. Rf7+ Ke4 45. Rxf3 g4 46. hxg4 c5 47. Bg8 c4 48. h8=Q c3 49. Re3+ 1-0

[Event "ESTCC-50 2025"]
[Site "Swidnica"]
[Date "2025.04.11"]
[Round "7.3"]
[White "Regan, Natasha K"]
[Black "Kruczynski, Marek"]
[Result "1-0"]
[Annotator "NA"]
[ECO "A04"]
[WhiteElo "2056"]
[BlackElo "1862"]
[PlyCount "63"]
[EventDate "2025.04.05"]
[EventType "team-tourn"]
[EventCountry "POL"]
[SourceTitle "playchess.com"]
[Source "ChessBase"]
[SourceQuality "1"]
[WhiteTeam "England"]
[BlackTeam "Poland"]
[WhiteTeamCountry "ENG"]
[BlackTeamCountry "POL"]
[TimeControl "40/5400+30:1800+30"]

1. Nf3 g6 2. e4 Bg7 3. d4 c6 4. Nc3 b5 5. Bd3 Bb7 6. a4 b4 7. Ne2 a5 8. c3 Na6 9. Bf4 Nf6 10. Qd2 c5 11. e5 Nh5 12. Bh6 O-O 13. Bxg7 Kxg7 14. Ng3 Bxf3 15. gxf3 Nxg3 16. hxg3 Rh8 17. Qh6+ Kg8 18. O-O Qb6 19. d5 Rc8 20. c4 e6 21. b3 Nc7 22. d6 Ne8 23. Rad1 Qd8 24. Kg2 Ng7 25. g4 Qf8 26. Rh1 Ne8 27. Qe3 f6 28. f4 fxe5 29. fxe5 Ng7 30. Rh3 Ne8 31. Rdh1 Qg7 32. Rh6 1-0

[Event "ESTCC-50 2025"]
[Site "Swidnica"]
[Date "2025.04.11"]
[Round "7.4"]
[White "Szydelko, Kazimierz"]
[Black "Jackson, Sheila"]
[Result "0-1"]
[Annotator "NA"]
[ECO "E16"]
[WhiteElo "1798"]
[BlackElo "2031"]
[PlyCount "76"]
[EventDate "2025.04.05"]
[EventType "team-tourn"]
[EventCountry "POL"]
[SourceTitle "playchess.com"]
[Source "ChessBase"]
[SourceQuality "1"]
[WhiteTeam "Poland"]
[BlackTeam "England"]
[WhiteTeamCountry "POL"]
[BlackTeamCountry "ENG"]
[TimeControl "40/5400+30:1800+30"]

1. d4 Nf6 2. Nf3 e6 3. c4 Bb4+ 4. Bd2 Qe7 5. Qc2 Bxd2+ 6. Nbxd2 d6 7. e4 e5 8. d5 O-O 9. Rc1 b6 10. b4 a5 11. a3 axb4 12. axb4 Nbd7 13. Bd3 Nh5 14. g3 g6 15. Nh4 Nf4 16. Ndf3 Nxd3+ 17. Qxd3 f5 18. Nd2 f4 19. Ng2 g5 20. h4 g4 21. O-O h5 22. Nb3 Ra4 23. Qd2 Nf6 24. gxf4 Nxe4 25. Qe3 Bf5 26. f3 gxf3 27. Rxf3 Rxb4 28. fxe5 Qxe5 29. Nd4 Rb2 30. Rcf1 Qg7 31. Ne2 Rxe2 32. Qxe2 Ng3 33. Rxg3 Qxg3 34. Rxf5 Rxf5 35. Qe6+ Rf7 36. Qe2 Qg4 37. Qxg4+ hxg4 38. Ne3 Rf3 0-1

[Event "ESTCC-50 2025"]
[Site "Swidnica"]
[Date "2025.04.11"]
[Round "7.5"]
[White "Zych, Marek"]
[Black "Bischoff, Klaus"]
[Result "1/2-1/2"]
[Annotator "ChessBase"]
[ECO "D02"]
[WhiteElo "1942"]
[BlackElo "2425"]
[PlyCount "27"]
[EventDate "2025.04.05"]
[EventType "team-tourn"]
[EventCountry "POL"]
[SourceTitle "playchess.com"]
[Source "ChessBase"]
[SourceQuality "1"]
[WhiteTeam "Poland"]
[BlackTeam "Germany"]
[WhiteTeamCountry "POL"]
[BlackTeamCountry "GER"]
[TimeControl "40/5400+30:1800+30"]

1. Nf3 d5 2. d4 Nf6 3. g3 c6 4. Bg2 Bf5 5. c4 e6 6. O-O h6 7. Nc3 Be7 8. Nd2 O-O 9. e4 dxe4 10. Ndxe4 Nbd7 11. Be3 Ng4 12. Bc1 Ngf6 13. Be3 Ng4 14. Bc1 1/2-1/2

[Event "ESTCC-50 2025"]
[Site "Swidnica"]
[Date "2025.04.11"]
[Round "7.7"]
[White "Stec, Czeslaw"]
[Black "Tischbierek, Raj"]
[Result "0-1"]
[Annotator "ChessBase"]
[ECO "B06"]
[WhiteElo "1820"]
[BlackElo "2418"]
[PlyCount "56"]
[EventDate "2025.04.05"]
[EventType "team-tourn"]
[EventCountry "POL"]
[SourceTitle "playchess.com"]
[Source "ChessBase"]
[SourceQuality "1"]
[WhiteTeam "Poland"]
[BlackTeam "Germany"]
[WhiteTeamCountry "POL"]
[BlackTeamCountry "GER"]
[TimeControl "40/5400+30:1800+30"]

1. e4 g6 2. d4 d6 3. Nc3 a6 4. f4 b5 5. a3 Bg7 6. Nf3 Bb7 7. Be2 Nf6 8. e5 Nd5 9. Nxd5 Bxd5 10. b3 Nd7 11. O-O O-O 12. Be3 Rb8 13. Rb1 e6 14. Qd3 c5 15. exd6 c4 16. Qd2 cxb3 17. cxb3 Nf6 18. h3 Ne4 19. Qb2 Ng3 20. Rfc1 Qxd6 21. b4 Be4 22. Ra1 Nf5 23. Bf2 Bxf3 24. Bxf3 Nxd4 25. Qa2 Nxf3+ 26. gxf3 Qxf4 27. Rab1 Qxf3 28. Rb3 Qd5 0-1

[Event "ESTCC-50 2025"]
[Site "Swidnica"]
[Date "2025.04.11"]
[Round "7.8"]
[White "Kribben, Matthias"]
[Black "Kilanski, Janusz"]
[Result "1-0"]
[Annotator "NA"]
[ECO "B30"]
[WhiteElo "2060"]
[BlackElo "1670"]
[PlyCount "57"]
[EventDate "2025.04.05"]
[EventType "team-tourn"]
[EventCountry "POL"]
[SourceTitle "playchess.com"]
[Source "ChessBase"]
[SourceQuality "1"]
[WhiteTeam "Germany"]
[BlackTeam "Poland"]
[BlackTeamCountry "POL"]
[TimeControl "40/5400+30:1800+30"]

1. e4 c5 2. Nf3 Nc6 3. Bb5 a6 4. Bxc6 bxc6 5. O-O Nf6 6. Nc3 e6 7. Re1 d5 8. e5 Nd7 9. d4 cxd4 10. Qxd4 h6 11. Bd2 c5 12. Qg4 Rb8 13. b3 Bb7 14. Rad1 Qc7 15. Qa4 Be7 16. Qg4 Bf8 17. Qa4 g6 18. Bf4 Qb6 19. Nxd5 Bxd5 20. Rxd5 Rb7 21. Rd3 Be7 22. Red1 Qb5 23. Qe4 g5 24. Be3 f5 25. exf6 Bxf6 26. Qxe6+ Be7 27. Ne5 Rf8 28. Rxd7 Rxd7 29. Rxd7 1-0

[Event "ESTCC-50 2025"]
[Site "Swidnica"]
[Date "2025.04.11"]
[Round "7.9"]
[White "Adams, Michael"]
[Black "Fletcher, John"]
[Result "1-0"]
[Annotator "ChessBase"]
[ECO "B31"]
[WhiteElo "2661"]
[BlackElo "1989"]
[PlyCount "51"]
[EventDate "2025.04.05"]
[EventType "team-tourn"]
[EventCountry "POL"]
[SourceTitle "playchess.com"]
[Source "ChessBase"]
[SourceQuality "1"]
[WhiteTeam "England"]
[BlackTeam "Wales"]
[WhiteTeamCountry "ENG"]
[BlackTeamCountry "WLS"]
[TimeControl "40/5400+30:1800+30"]

1. e4 c5 2. Nf3 Nc6 3. Bb5 g6 4. Bxc6 bxc6 5. O-O Bg7 6. Re1 Nf6 7. e5 Nd5 8. c4 Nc7 9. Nc3 O-O 10. d4 cxd4 11. Qxd4 Ne6 12. Qh4 d5 13. Bh6 f6 14. Bxg7 Nxg7 15. Rad1 Nf5 16. Qf4 Qb6 17. cxd5 Qxb2 18. Qc4 Ba6 19. Qxa6 Qxc3 20. Rc1 Qb4 21. dxc6 fxe5 22. c7 Nd6 23. Nxe5 Qd4 24. Qe2 Qh4 25. g3 Qg5 26. Nc6 1-0

[Event "ESTCC-50 2025"]
[Site "Swidnica"]
[Date "2025.04.11"]
[Round "7.10"]
[White "Adams, Mark"]
[Black "Emms, John M"]
[Result "0-1"]
[Annotator "ChessBase"]
[ECO "B10"]
[WhiteElo "1916"]
[BlackElo "2411"]
[PlyCount "74"]
[EventDate "2025.04.05"]
[EventType "team-tourn"]
[EventCountry "POL"]
[SourceTitle "playchess.com"]
[Source "ChessBase"]
[SourceQuality "1"]
[WhiteTeam "Wales"]
[BlackTeam "England"]
[WhiteTeamCountry "WLS"]
[BlackTeamCountry "ENG"]
[TimeControl "40/5400+30:1800+30"]

1. e4 c6 2. Nf3 d5 3. exd5 cxd5 4. Ne5 Nc6 5. d4 e6 6. c3 Bd6 7. f4 Nh6 8. Bd3 O-O 9. O-O f6 10. Nxc6 bxc6 11. Nd2 a5 12. Nf3 Ba6 13. Re1 Bxd3 14. Qxd3 Re8 15. g3 a4 16. Kg2 Qb6 17. Bd2 Qb5 18. Qxb5 cxb5 19. a3 Kf7 20. Re2 Nf5 21. Rae1 Bc7 22. Be3 Nd6 23. Nd2 Rac8 24. h3 Ba5 25. Bf2 Bc7 26. Be3 h6 27. Rf1 Bb6 28. Rf3 Rc6 29. Rf1 Ra8 30. Nb1 Nc4 31. Bd2 Nxb2 32. Be1 Nc4 33. f5 exf5 34. Rxf5 Re6 35. Kf2 Rae8 36. Rxe6 Kxe6 37. Rf3 Bc7 0-1

[Event "ESTCC-50 2025"]
[Site "Swidnica"]
[Date "2025.04.11"]
[Round "7.11"]
[White "Davies, Nigel R"]
[Black "Van Kemenade, Rudy"]
[Result "1-0"]
[Annotator "ChessBase"]
[ECO "A48"]
[WhiteElo "2309"]
[BlackElo "1945"]
[PlyCount "63"]
[EventDate "2025.04.05"]
[EventType "team-tourn"]
[EventCountry "POL"]
[SourceTitle "playchess.com"]
[Source "ChessBase"]
[SourceQuality "1"]
[WhiteTeam "England"]
[BlackTeam "Wales"]
[WhiteTeamCountry "ENG"]
[BlackTeamCountry "WLS"]
[TimeControl "40/5400+30:1800+30"]

1. d4 Nf6 2. Nf3 g6 3. Nbd2 Bg7 4. e4 d6 5. Bb5+ c6 6. Bd3 O-O 7. O-O Nbd7 8. Re1 e5 9. c3 Ne8 10. Bf1 f5 11. exf5 gxf5 12. dxe5 dxe5 13. Nc4 e4 14. Ng5 Qf6 15. Qh5 h6 16. Nh3 b5 17. Na5 Ne5 18. Bf4 Ng6 19. Bxh6 Be6 20. Bg5 Qf7 21. Nxc6 Nf6 22. Qxg6 Qxg6 23. Ne7+ Kf7 24. Nxg6 Kxg6 25. Nf4+ Kf7 26. Nxe6 Kxe6 27. Bxb5 Kf7 28. Rad1 Rab8 29. a4 a6 30. Bc4+ Kg6 31. Bc1 Ng4 32. Bxa6 1-0

[Event "ESTCC-50 2025"]
[Site "Swidnica"]
[Date "2025.04.11"]
[Round "7.12"]
[White "Hughes, Anthony"]
[Black "Dishman, Stephen"]
[Result "0-1"]
[Annotator "ChessBase"]
[ECO "A21"]
[WhiteElo "1911"]
[BlackElo "2279"]
[PlyCount "75"]
[EventDate "2025.04.05"]
[EventType "team-tourn"]
[EventCountry "POL"]
[SourceTitle "playchess.com"]
[Source "ChessBase"]
[SourceQuality "1"]
[WhiteTeam "Wales"]
[BlackTeam "England"]
[WhiteTeamCountry "WLS"]
[BlackTeamCountry "ENG"]
[TimeControl "40/5400+30:1800+30"]

1. c4 e5 2. Nc3 Bb4 3. e4 d6 4. Nge2 Nc6 5. Nd5 Bc5 6. d3 Nge7 7. Be3 O-O 8. Qd2 f5 9. f3 f4 10. Bxc5 dxc5 11. Rg1 Ng6 12. g3 fxg3 13. Rxg3 Nd4 14. Bg2 Nxe2 15. Qxe2 c6 16. Nc3 Nf4 17. Qd2 Qxd3 18. O-O-O Qxd2+ 19. Rxd2 Be6 20. Nd1 Bxc4 21. Ne3 Ne2+ 22. Rxe2 Bxe2 23. Nf5 g6 24. Kd2 Ba6 25. h4 Rad8+ 26. Kc2 Rxf5 27. exf5 Bd3+ 28. Kc3 Bxf5 29. h5 Rd3+ 30. Kc4 b6 31. hxg6 hxg6 32. Bh3 Rd4+ 33. Kc3 Kf7 34. Bf1 b5 35. a3 a5 36. Be2 a4 37. Rg1 b4+ 38. axb4 0-1

[Event "ESTCC-50 2025"]
[Site "Swidnica"]
[Date "2025.04.11"]
[Round "7.13"]
[White "Rogowski, Jaroslaw"]
[Black "Buckley, Graeme N"]
[Result "0-1"]
[Annotator "ChessBase"]
[ECO "A57"]
[WhiteElo "2050"]
[BlackElo "2268"]
[PlyCount "66"]
[EventDate "2025.04.05"]
[EventType "team-tourn"]
[EventCountry "POL"]
[SourceTitle "playchess.com"]
[Source "ChessBase"]
[SourceQuality "1"]
[WhiteTeam "Poland"]
[BlackTeam "England"]
[WhiteTeamCountry "POL"]
[BlackTeamCountry "ENG"]
[TimeControl "40/5400+30:1800+30"]

1. d4 Nf6 2. c4 c5 3. d5 b5 4. e3 e6 5. dxe6 fxe6 6. cxb5 d5 7. Nf3 Bd6 8. Nbd2 Bb7 9. b3 Nbd7 10. Bb2 O-O 11. Qc2 Kh8 12. Be2 Rc8 13. O-O-O c4 14. bxc4 a6 15. Nd4 Nc5 16. Kb1 e5 17. Nf5 Bb8 18. bxa6 Bxa6 19. g4 Qe8 20. f3 Na4 21. Ba3 Rf7 22. e4 d4 23. Ka1 Nc3 24. Rde1 Ra7 25. Bb2 Nxa2 26. Kb1 Bb5 27. Qb3 Ba4 28. Qb6 Rc6 29. Qxa7 Bxa7 30. Kxa2 Bc2 31. Ba3 Ra6 32. Ra1 d3 33. Bd1 Qa4 0-1

[Event "ESTCC-50 2025"]
[Site "Swidnica"]
[Date "2025.04.11"]
[Round "7.14"]
[White "Duncan, Chris R"]
[Black "Ograbek, Grzegorz"]
[Result "1/2-1/2"]
[Annotator "ChessBase"]
[ECO "E94"]
[WhiteElo "2178"]
[BlackElo "2068"]
[PlyCount "36"]
[EventDate "2025.04.05"]
[EventType "team-tourn"]
[EventCountry "POL"]
[SourceTitle "playchess.com"]
[Source "ChessBase"]
[SourceQuality "1"]
[WhiteTeam "England"]
[BlackTeam "Poland"]
[WhiteTeamCountry "ENG"]
[BlackTeamCountry "POL"]
[TimeControl "40/5400+30:1800+30"]

1. Nf3 d6 2. c4 g6 3. d4 Bg7 4. Nc3 Nf6 5. e4 O-O 6. Be2 e5 7. O-O exd4 8. Nxd4 Re8 9. f3 c6 10. Kh1 Nbd7 11. Bg5 Qb6 12. Na4 Qa5 13. Bd2 Qd8 14. Bc3 Ne5 15. b3 h5 16. Nb2 d5 17. exd5 cxd5 18. Nd3 Nxd3 1/2-1/2

[Event "ESTCC-50 2025"]
[Site "Swidnica"]
[Date "2025.04.11"]
[Round "7.15"]
[White "Czyz, Andrzej"]
[Black "Crocker, Philip J"]
[Result "0-1"]
[Annotator "NA"]
[ECO "C77"]
[WhiteElo "1985"]
[BlackElo "2137"]
[PlyCount "56"]
[EventDate "2025.04.05"]
[EventType "team-tourn"]
[EventCountry "POL"]
[SourceTitle "playchess.com"]
[Source "ChessBase"]
[SourceQuality "1"]
[WhiteTeam "Poland"]
[BlackTeam "England"]
[WhiteTeamCountry "POL"]
[BlackTeamCountry "ENG"]
[TimeControl "40/5400+30:1800+30"]

1. e4 e5 2. Nf3 Nc6 3. Bb5 a6 4. Ba4 Nf6 5. d3 d6 6. c4 Bg4 7. h3 Bxf3 8. Qxf3 Nd7 9. Be3 g6 10. O-O Bg7 11. a3 O-O 12. Qe2 f5 13. f3 Nd4 14. Bxd4 exd4 15. Nd2 Nc5 16. Bc2 Bh6 17. Rfe1 Ne6 18. Rad1 Be3+ 19. Kh2 Nf4 20. Qf1 Qg5 21. g3 Nh5 22. Qg2 Nxg3 23. Nf1 f4 24. Nxe3 dxe3 25. Rxe3 fxe3 26. Qxg3 Qf6 27. Re1 Qxf3 28. Rxe3 Qf2+ 0-1

[Event "ESTCC-50 2025"]
[Site "Swidnica"]
[Date "2025.04.11"]
[Round "7.16"]
[White "Noyce, Robert C"]
[Black "Wielosz, Jaroslaw"]
[Result "1/2-1/2"]
[Annotator "NA"]
[ECO "A25"]
[WhiteElo "2065"]
[BlackElo "1939"]
[PlyCount "35"]
[EventDate "2025.04.05"]
[EventType "team-tourn"]
[EventCountry "POL"]
[SourceTitle "playchess.com"]
[Source "ChessBase"]
[SourceQuality "1"]
[WhiteTeam "England"]
[BlackTeam "Poland"]
[WhiteTeamCountry "ENG"]
[BlackTeamCountry "POL"]
[TimeControl "40/5400+30:1800+30"]

1. c4 e5 2. Nc3 Nc6 3. g3 Bc5 4. Bg2 d6 5. e3 h5 6. Nge2 h4 7. d4 Bb4 8. a3 Bxc3+ 9. Nxc3 Nf6 10. d5 Ne7 11. e4 Bg4 12. Bf3 Qd7 13. Bg5 hxg3 14. fxg3 Bh3 15. Qe2 Ng4 16. O-O-O f6 17. Bd2 O-O-O 18. Rde1 1/2-1/2